 Dungeon Crawl Stone Soup version 0.29.1-1-gd02db6906a (webtiles) character file.

Game seed: 18240589221330476335

31 MisterFreud the Covert (level 3, 0/34 (35) HPs)
             Began as a Gnoll Delver on Sept 24, 2022.
             Slain by a necrophage (5 damage)
             ... on level 5 of the Dungeon.
             The game lasted 00:00:48 (450 turns).

MisterFreud the Covert (Gnoll Delver)                Turns: 450, Time: 00:00:49

HP:   0/34 (35)     AC:  3    Str: 11    XL:     3   Next: 22%
MP:   4/4           EV: 13    Int: 11    God:
Gold: 23            SH:  0    Dex: 13    Spells: 3/3 levels left

rFire   . . .      SeeInvis .   a - +0 short sword
rCold   . . .      Faith    .   (no shield)
rNeg    . . .      Spirit   .   b - +0 leather armour
rPois   .          Reflect  .   (no helmet)
rElec   .          Harm     .   (no cloak)
rCorr   .          Rampage  .   (no gloves)
Will    .....                   (no boots)
Stlth   ++++......              (no amulet)
HPRegen 0.11/turn               (no ring)
MPRegen 0.09/turn               (no ring)

@: lightly drained
A: fangs 1, strong nose, distributed training
a: no special abilities


You were on level 5 of the Dungeon.
You visited 1 branch of the dungeon, and saw 2 of its levels.

You collected 23 gold pieces.

Inventory:

Hand Weapons
 a - a +0 short sword (weapon)
Missiles
 i - 2 boomerangs (quivered)
Armour
 b - a +0 leather armour (worn)
Wands
 g - a wand of digging (3)
Scrolls
 c - 2 scrolls of fog
 d - a scroll of magic mapping
Potions
 f - a potion of haste
 h - a potion of curing {unknown}
 j - a potion of flight {unknown}


   Skills:
 + Level 6.5 Fighting
 + Level 4.5 Short Blades
 + Level 0.7 Long Blades
 + Level 0.7 Axes
 + Level 0.7 Maces & Flails
 + Level 0.7 Polearms
 + Level 0.7 Staves
 + Level 0.7 Ranged Weapons
 + Level 0.7 Throwing
 + Level 0.7 Armour
 + Level 4.5 Dodging
 + Level 9.5 Stealth
 + Level 0.7 Shields
 + Level 0.7 Unarmed Combat
 + Level 0.7 Spellcasting
 + Level 0.5 Conjurations
 + Level 0.5 Hexes
 + Level 0.5 Summonings
 + Level 0.5 Necromancy
 + Level 0.5 Translocations
 + Level 0.5 Transmutations
 + Level 0.5 Fire Magic
 + Level 0.5 Ice Magic
 + Level 0.5 Air Magic
 + Level 0.5 Earth Magic
 + Level 0.5 Poison Magic
 + Level 0.9 Invocations
 + Level 0.7 Evocations


You had 3 spell levels left.
You didn't know any spells.
Your spell library was empty.

Dungeon Overview and Level Annotations

Branches:
Dungeon (6/15)
 Temple: D:4-7

Altars:


Innate Abilities, Weirdness & Mutations

You have very sharp teeth.
Your uncanny sense of smell can sniff out nearby items.
Your experience applies equally to all skills.


Message History

An orc comes into view. It is wielding a +0 mace.
Found a sling.
An orc is nearby! 3 orcs and a necrophage come into view.
An orc is wielding a +0 trident of flaming.
Found a stone staircase leading up.
The orc shouts! x3; You hear a shout!
The orc closely misses you.
You barely miss the orc. The orc closely misses you. The orc misses you.
You barely miss the orc. Your bite misses the orc.
The orc hits you with a +0 flail!
The orc hits you from afar with a +0 trident of flaming.
The orc burns you. The orc attacks as you move away!
The orc hits you with a +0 mace.
A scorpion comes into view.
The orc misses you. The orc hits you but does no damage.
The orc attacks as you move away! The orc barely misses you.
The orc attacks as you move away! The orc hits you with a +0 flail.
The orc attacks as you move away! The orc misses you.
The orc attacks as you move away! The orc hits you but does no damage.
The orc attacks as you move away! The orc hits you with a +0 flail!
* * * LOW HITPOINT WARNING * * *
Okay, then.
Unknown command.
As you read the scroll of fear, it crumbles to dust.
You assume a fearsome visage.
The orc looks frightened! x4
The necrophage is unaffected.
Things that are here:
a +0 dagger; an orc corpse A necrophage is nearby!
A necrophage is nearby!
Okay, then.
The necrophage attacks as you move away!
The necrophage hits you.
* * * LOW HITPOINT WARNING * * *
You feel drained.
* * * LOW HITPOINT WARNING * * *
The necrophage attacks as you move away!
The necrophage hits you.
You die...

..........#####.#.....#
.#.######.#####.#.###.#
.#.####.....##....# #.#
.......รท....##..#.###.#
............##>.#.....#
.#..#.......##........#
............##.#.##.###
.##.##..######......#
.##.##..# ###@####
(.......# #n#
###.######## #.#
#.####...#####.#
#.....)........#
#####....####### ######


You could see a necrophage.

Vanquished Creatures
  A hound (D:5)
  An orc (D:5)
2 creatures vanquished.

Notes
Turn   | Place    | Note
-------+----------+-------------------------------------------
     0 | D:5      | Reached skill level 9 in Stealth
     0 | D:5      | MisterFreud the Gnoll Delver began the quest for the Orb.
     0 | D:5      | Reached XP level 1. HP: 23/23 MP: 1/1
    47 | D:5      | Noticed a hound
    64 | D:5      | Killed a hound
    65 | D:5      | Reached XP level 2. HP: 6/29 MP: 1/3
    65 | D:5      | Reached XP level 3. HP: 8/35 MP: 1/4
   401 | D:5      | Noticed a necrophage
   405 | D:5      | Noticed a scorpion
   450 | D:5      | Slain by a necrophage

Illustrated notes

Levels and vault maps discovered:
D:5:      layout_loops_cross, fedhas_altar_1, minmay_statues_item,
          hangedman_decor_peaks_small
D:6:      layout_rooms, lemuel_zombie_altar_yredelemnul,
          mainiacjoe_overflow_24_doors, amcnicky_mini_corridor_feature,
          nicolae_grassy_gnolls, uniq_menkaure

Skill      XL: | |
---------------+-+-----
Stealth        | |  9.5
Fighting       | |  6.5
Short Blades   | |  4.5
Long Blades    | |  0.7
Axes           | |  0.7
Maces & Flails | |  0.7
Polearms       | |  0.7
Staves         | |  0.7
Ranged Weapons | |  0.7
Throwing       | |  0.7
Armour         | |  0.7
Dodging        | |  4.5
Shields        | |  0.7
Unarmed Combat | |  0.7
Spellcasting   | |  0.7
Conjurations   | |  0.5
Hexes          | |  0.5
Summonings     | |  0.5
Necromancy     | |  0.5
Translocations | |  0.5
Transmutations | |  0.5
Fire Magic     | |  0.5
Ice Magic      | |  0.5
Air Magic      | |  0.5
Earth Magic    | |  0.5
Poison Magic   | |  0.5
Invocations    | |  0.9
Evocations     | |  0.7

Action                   || total
-------------------------++-------
Melee: Short sword       ||    21
       Bite              ||     1
  Use: Scroll            ||     1
Armor: Leather armour    ||     6
Dodge: Dodged            ||    17
